 Dungeon Crawl Stone Soup version 0.24-a0-291-g79c1ce788c (webtiles) character file.

Game seed: 12998966049222668970

53 Redear the Skirmisher (level 3, -10/29 HPs)
             Began as a Demonspawn Chaos Knight on May 9, 2019.
             Was a Plaything of Xom.
             Mangled by a shadow (17 damage)
             ... summoned by the capriciousness of Xom
             ... on level 2 of the Dungeon.
             The game lasted 00:01:26 (662 turns).

Redear the Skirmisher (Demonspawn Chaos Knight)      Turns: 662, Time: 00:01:27

Health: -10/29     AC:  5    Str: 13    XL:     3   Next: 62%
Magic:  0/3        EV:  9    Int: 13    God:    Xom [..*...]
Gold:   52         SH:  7    Dex: 12    Spells: 2/2 levels left

rFire    . . .     SeeInvis .   a - +0 hand axe (chaos)
rCold    . . .     Gourm    .   g - +0 shield
rNeg     . . .     Faith    .   b - +2 leather armour
rPois    .         Spirit   +   (no helmet)
rElec    .         Reflect  .   (no cloak)
rCorr    .         Harm     .   (no gloves)
MR       .....                  (no boots)
Stlth    +.........             (no amulet)
HPRegen  0.09/turn              (no ring)
MPRegen  0.08/turn              (no ring)

@: no status effects
A: magic shield
a: Renounce Religion


You were on level 2 of the Dungeon.
You worshipped Xom.
You were a toy of Xom.
You were not hungry.

You visited 1 branch of the dungeon, and saw 2 of its levels.

You collected 52 gold pieces.

Inventory:

Hand Weapons
 a - a +0 hand axe of chaos (weapon)
Armour
 b - a +2 leather armour (worn)
 g - a +0 shield (worn)
Scrolls
 f - 2 scrolls of identify {unknown}
Potions
 c - a potion of brilliance {unknown}
 d - 2 potions of degeneration {unknown}
 e - a potion of flight {unknown}
 h - a potion of curing {unknown}
Comestibles
 z - 2 rations


   Skills:
 + Level 3.4 Fighting
 + Level 3.1 Axes
 + Level 2.3 Armour
 + Level 1.6 Dodging
 + Level 0.3 Shields


You had 2 spell levels left.
You didn't know any spells.
Your spell library was empty.

Dungeon Overview and Level Annotations

Branches:
Dungeon (2/15)

Altars:


Innate Abilities, Weirdness & Mutations

When hurt, damage is shared between your health and your magic reserves.


Message History

You are too injured to fight recklessly!
You are too injured to fight recklessly!
A shadow is nearby!
A shadow is nearby!
A shadow is nearby!
A shadow is nearby!
You are too injured to fight recklessly!
The shadow barely misses you.
The shadow strikes at you from the darkness!
You block the shadow's attack.
The shadow slips into darkness.
The shadow flickers and vanishes!
There is a stone staircase leading up here.
The shadow strikes at you from the darkness!
* * * LOW HITPOINT WARNING * * *
Reactivating autopickup.
The shadow strikes at you from the darkness!
Ouch! That really hurt!
You die...
Xom cackles wildly!

#......# ..
#......##...
#.......#...
#...........
#...)†......
#......#
#......#
#.##W{##
#...@.#
#.##..# #
#..# #...
#.... #.....
....≈≈≈
...≈≈≈≈§


You could see a shadow.

Vanquished Creatures
  3 dart slugs (D:1)
  2 leopard geckos (D:1)
  2 giant cockroaches
  3 goblins
  4 hobgoblins (D:1)
  11 jackals (D:1)
  4 bats (D:1)
  2 frilled lizards (D:1)
  5 kobolds (D:1)
  2 rats (D:1)
38 creatures vanquished.

Vanquished Creatures (others)
  4 toadstools (D:1)
4 creatures vanquished.

Grand Total: 42 creatures vanquished

Notes
Turn   | Place    | Note
-------+----------+-------------------------------------------
     0 | D:1      | Redear the Demonspawn Chaos Knight began the quest for the
                  | Orb.
     0 | D:1      | Reached XP level 1. HP: 18/18 MP: 1/1
    28 | D:1      | XOM: potion effect (haste)
    35 | D:1      | Reached skill level 1 in Dodging
    51 | D:1      | Reached skill level 2 in Armour
    51 | D:1      | Gained mutation: When hurt, damage is shared between your
                  | health and your magic reserves. [demonic ancestry]
    51 | D:1      | Reached XP level 2. HP: 16/24 MP: 2/2
   225 | D:1      | Reached skill level 3 in Axes
   319 | D:1      | XOM: harmless Conj miscast
   321 | D:1      | Reached XP level 3. HP: 27/29 MP: 3/3
   413 | D:1      | XOM: divination: detect items
   655 | D:2      | XOM: medium Necr miscast
   656 | D:2      | Noticed a shadow
   656 | D:2      | Noticed a shadow
   662 | D:2      | Mangled by a shadow

Levels and vault maps discovered:
D:1:      ldierk_walled_garden_2, layout_rooms, minmay_misc_feat_iff
D:2:      kennysheep_six_static_rooms, layout_rooms, lemuel_another_geyser

Skill      XL: |  1  2 |
---------------+-------+-----
Dodging        | 1 |  1.6
Armour         | 2 |  2.3
Axes           | 3 |  3.1
Fighting       | |  3.4
Shields        | |  0.3

Action                   || total
-------------------------++-------
Melee: Hand axe          ||    94
Armor: Leather armour    ||    46
Dodge: Dodged            ||    57
Block: Shield            ||    11

Table legend:
 A = Non-vault XP
 B = Vault XP
 C = Vault XP percentage of total XP
 D = Non-vault monster count
 E = Vault monster count
 F = Vault count percentage of total count
                 A         B        C        D         E       F
            +---------+---------+-------+---------+---------+-------
      Total |      76 |       0 |   0.0 |      38 |       0 |   0.0
            +---------+---------+-------+---------+---------+-------
        D:1 |      72 |       0 |   0.0 |      36 |       0 |   0.0
        D:2 |       4 |       0 |   0.0 |       2 |       0 |   0.0
            +---------+---------+-------+---------+---------+-------
